 Dungeon Crawl Stone Soup version 0.27-a0-242-ge0fc76b88b (webtiles) character file.

Game seed: 17282699457165282983

19012 Borgoz the Basher (level 12, -11/118 HPs)
             Began as a Gargoyle Berserker on Feb 2, 2021.
             Was a High Priest of Trog.
             Mangled by a white ugly thing (36 damage)
             ... on level 11 of the Dungeon.
             The game lasted 00:13:34 (12897 turns).

Borgoz the Basher (Gargoyle Berserker)             Turns: 12897, Time: 00:13:35

Health: -11/118    AC: 35    Str: 24    XL:     12   Next: 64%
Magic:  12/12      EV: 14    Int:  6    God:    Trog [*****.]
Gold:   2150       SH:  0    Dex: 19    Spells: 11/11 levels left

rFire    . . .     SeeInvis .   w - +0 flail (holy)
rCold    . . .     Faith    .   (no shield)
rNeg     + . .     Spirit   .   u - +11 chain mail "Zuisasma" {Harm Will+}
rPois    ∞         Reflect  .   f - +0 helmet
rElec    +         Harm     +   r - +0 cloak
rCorr    .         Rampage  .   (no gloves)
Will     +....                  n - +0 pair of boots
Stlth    ..........             (no amulet)
HPRegen  0.29/turn              p - ring "Zenoa" {Str+4 Int-4 Slay+3} (curse)
MPRegen  0.13/turn              G - +6 ring of dexterity

@: berserking, very quick
A: negative energy resistance 1, electricity resistance, unbreathing,
petrification resistance, miasma immunity, AC +8
a: Renounce Religion, Berserk, Trog's Hand, Brothers in Arms


You were on level 11 of the Dungeon.
You worshipped Trog.
Trog was extremely pleased with you.
You visited 2 branches of the dungeon, and saw 12 of its levels.

You collected 2150 gold pieces.

Inventory:

Hand Weapons
 w - a +0 flail of holy wrath (weapon)
Missiles
 v - a throwing net
Armour
 f - a +0 helmet (worn)
 n - a +0 pair of boots (worn)
 r - a +0 cloak (worn)
 u - the +11 chain mail "Zuisasma" (worn) {Harm Will+}
   (You found it on level 5 of the Dungeon)

   It affects your willpower, your defense against some magical effects.
   It increases damage dealt and taken.
 y - a +0 chain mail of cold resistance
Jewellery
 p - the cursed ring "Zenoa" (left hand) {Str+4 Int-4 Slay+3}
   (You found it on level 4 of the Dungeon)

   [ring of intelligence]

   It affects your strength (+4).
   It affects your intelligence (-4).
   It affects your accuracy and damage with ranged weapons and melee attacks
   (+3).
   It has a curse placed upon it.
 z - an uncursed ring of positive energy
 G - a +6 ring of dexterity (right hand)
 J - an uncursed ring of ice {unknown}
Wands
 m - a wand of paralysis (10)
 t - a wand of digging (5)
 x - a wand of flame (64)
 A - a wand of acid (6)
 B - a wand of iceblast (2)
Scrolls
 a - 2 scrolls of magic mapping {unknown}
 d - 8 scrolls of remove curse {unknown}
 e - 4 scrolls of immolation {unknown}
 g - 5 scrolls of teleportation
 j - 2 scrolls of enchant armour {unknown}
 l - 3 scrolls of fear {unknown}
 o - a scroll of amnesia {unknown}
 s - 2 scrolls of enchant weapon {unknown}
 C - a scroll of fog {unknown}
 F - a scroll of random uselessness {unknown}
 H - a scroll of blinking {unknown}
 I - a scroll of summoning {unknown}
Potions
 b - 2 potions of cancellation
 c - 3 potions of curing
 h - 2 potions of magic
 i - 2 potions of ambrosia
 k - 3 potions of heal wounds
 q - 3 potions of might
 D - 3 potions of resistance
 E - 2 potions of flight


   Skills:
 + Level 10.6 Fighting
 * Level 13.0 Maces & Flails
 + Level 10.3 Armour
 + Level 8.0 Dodging


You had 11 spell levels left.
You didn't know any spells.
Your spell library was empty.

Dungeon Overview and Level Annotations

Branches:
Dungeon (11/15)            Temple (1/1) D:7            Lair (0/6) D:10
    Orc (0/2) D:9

Altars:
Ashenzari
Cheibriados
Dithmenos
Elyvilon
Fedhas
Gozag
Hepliaklqana
Kikubaaqudgha
Makhleb
Nemelex Xobeh
Okawaru
Qazlal
Ru
Sif Muna
Trog
Uskayaw
Vehumet
Wu Jian
Xom
Yredelemnul
Zin
The Shining One

Shops:
D:4 !


Innate Abilities, Weirdness & Mutations

You are resistant to torment.
Your stone body is resilient. (AC +8)
You are immune to poison.
You resist negative energy. (rN+)
You are resistant to electric shocks. (rElec)
You can survive without breathing.
You are immune to petrification.
You are immune to miasma.


Message History

You thump the ogre!
The ogre is severely wounded.
The ogre completely misses you.
You bludgeon the ogre!!
You kill the ogre!
Trog accepts your kill. The white ugly thing barely misses you.
You hit the white ugly thing.
The white ugly thing is moderately wounded.
You completely miss the white ugly thing.
The white ugly thing is moderately wounded.
The white ugly thing barely misses you.
You sock the white ugly thing!
The white ugly thing is heavily wounded.
You sock the white ugly thing!
The white ugly thing is severely wounded.
The white ugly thing bites you!
* * * LOW HITPOINT WARNING * * *
The white ugly thing freezes you!!
You die...

#.......(............#
######.#)#.....#..######.##
...........^....#.# #.#
#####...........#.# ##.#
#.....#####.#.#####..#
#.#.........#.......##
#.......###.#.##.##.#
#............###.##.#
#..#.###...u@)..)##.#
#............###.##.# +.##
###...... ......
#.#.........## #### #
########### .... .#< ##


You could see a white ugly thing.

Vanquished Creatures
  Snorg (D:10)
  A hydra (D:11)
  Erica (D:8)
  3 two-headed ogres
  8 death yaks (D:10)
  A hell knight (D:10)
  Pikel (D:9)
  A cyclops (D:11)
  Joseph (D:8)
  A centaur skeleton (D:10)
  Maggie (D:8)
  A troll (D:9)
  3 meliai (D:10)
  Prince Ribbit (D:9)
  A wraith (D:10)
  12 yaks (D:9)
  3 wargs (D:9)
  7 hell hounds (D:10)
  A black bear (D:9)
  5 orc warriors
  2 ice beasts (D:7)
  3 ogres
  2 sky beasts
  3 centaurs
  A lemure (D:9)
  2 phantoms
  A big kobold (D:7)
  4 bullfrogs
  A wyvern zombie (D:10)
  2 scorpions
  3 wights (D:10)
  A howler monkey (D:7)
  2 centaur zombies
  A quasit (D:9)
  5 hounds
  4 jellies
  A gnoll shaman (D:5)
  10 orc priests
  A bullfrog skeleton (D:4)
  Jessica (D:7)
  5 iguanas
  7 orc wizards
  6 worker ants
  A howler monkey zombie (D:6)
  A worker ant zombie (D:5)
  12 gnolls
  10 adders
  An ufetubus (D:6)
  2 oozes
  An adder skeleton (D:9)
  A worm (D:4)
  3 dart slugs
  6 leopard geckos
  36 orcs
  6 bats
  5 giant cockroaches
  13 goblins
  7 hobgoblins
  17 jackals
  9 kobolds
  6 quokkas
  5 frilled lizards
  A leopard gecko zombie (D:8)
  9 rats
274 creatures vanquished.

Vanquished Creatures (others)
  A plant (D:3)
1 creature vanquished.

Grand Total: 275 creatures vanquished

Notes
Turn   | Place    | Note
-------+----------+-------------------------------------------
     0 | D:1      | Borgoz the Gargoyle Berserker began the quest for the Orb.
     0 | D:1      | Reached XP level 1. HP: 14/14 MP: 1/1
    96 | D:1      | Reached XP level 2. HP: 13/19 MP: 2/2
  1122 | D:2      | Reached XP level 3. HP: 14/23 MP: 3/3
  1496 | D:2      | Reached ** piety under Trog
  1722 | D:2      | Reached XP level 4. HP: 24/29 MP: 4/4
  2015 | D:2      | Reached skill level 4 in Maces & Flails
  2587 | D:3      | Reached XP level 5. HP: 33/33 MP: 5/5
  3059 | D:3      | Reached *** piety under Trog
  3075 | D:3      | Found an iron altar of Okawaru.
  3075 | D:3      | Found an ancient bone altar of Kikubaaqudgha.
  3245 | D:4      | Reached XP level 6. HP: 37/39 MP: 6/6
  3571 | D:4      | Found Axzerra's Distillery.
  3832 | D:4      | Reached skill level 5 in Maces & Flails
  3966 | D:4      | Got a heavily runed brass ring
  3994 | D:4      | Identified the cursed ring "Zenoa" {Str+4 Int-4 Slay+3}
                  | (You found it on level 4 of the Dungeon)
  4367 | D:5      | Entered Level 5 of the Dungeon
  4427 | D:5      | Noticed a sky beast
  4446 | D:5      | Killed a sky beast
  4447 | D:5      | Reached XP level 7. HP: 36/44 MP: 7/7
  4655 | D:5      | Got a jewelled chain mail
  4666 | D:5      | Identified the +11 chain mail "Zuisasma" {Harm Will+} (You
                  | found it on level 5 of the Dungeon)
  4759 | D:5      | Found a broken altar of Ashenzari.
  4881 | D:5      | Found a sparkling altar of Nemelex Xobeh.
  4974 | D:5      | Reached skill level 5 in Fighting
  5379 | D:6      | Reached skill level 6 in Maces & Flails
  5670 | D:6      | Reached XP level 8. HP: 49/49 MP: 8/8
  5723 | D:6      | Reached **** piety under Trog
  5735 | D:6      | Reached skill level 5 in Armour
  6042 | D:6      | Reached skill level 7 in Maces & Flails
  7054 | D:7      | Reached XP level 9. HP: 56/56 MP: 9/9
  7208 | D:7      | Noticed Jessica
  7216 | D:7      | Killed Jessica
  7218 | D:7      | Found a shimmering blue altar of Sif Muna.
  7459 | D:7      | Reached skill level 8 in Maces & Flails
  7735 | D:7      | Found a staircase to the Ecumenical Temple.
  8021 | Temple   | Entered the Ecumenical Temple
  8316 | D:8      | Noticed Erica
  8324 | D:8      | Killed Erica
  8325 | D:8      | Reached skill level 5 in Dodging
  8477 | D:8      | Noticed a two-headed ogre
  8487 | D:8      | Killed a two-headed ogre
  8488 | D:8      | Reached skill level 9 in Maces & Flails
  8488 | D:8      | Reached XP level 10. HP: 50/63 MP: 10/10
  8589 | D:8      | Noticed Maggie
  8602 | D:8      | Killed Maggie
  8705 | D:8      | Noticed Joseph
  8727 | D:8      | Killed Joseph
  8966 | D:8      | Found a hazy altar of Hepliaklqana.
  9013 | D:8      | Found a stormy altar of Qazlal.
  9307 | D:9      | Reached skill level 10 in Maces & Flails
  9386 | D:9      | Noticed Prince Ribbit
  9407 | D:9      | Killed Prince Ribbit
  9599 | D:9      | Found a staircase to the Orcish Mines.
  9900 | D:9      | Noticed Pikel
  9921 | D:9      | Killed Pikel
  9922 | D:9      | Reached XP level 11. HP: 69/69 MP: 11/11
  9995 | D:9      | Reached skill level 11 in Maces & Flails
 10803 | D:10     | Entered Level 10 of the Dungeon
 10821 | D:10     | Reached ***** piety under Trog
 11284 | D:10     | Noticed a death yak
 11284 | D:10     | Noticed a death yak
 11284 | D:10     | Noticed a death yak
 11285 | D:10     | Noticed a death yak
 11285 | D:10     | Noticed a death yak
 11286 | D:10     | Noticed a death yak
 11301 | D:10     | Killed a death yak
 11310 | D:10     | Killed a death yak
 11317 | D:10     | Killed a death yak
 11325 | D:10     | Killed a death yak
 11325 | D:10     | Noticed a death yak
 11331 | D:10     | Killed a death yak
 11343 | D:10     | Killed a death yak
 11344 | D:10     | Reached skill level 12 in Maces & Flails
 11344 | D:10     | Noticed a death yak
 11353 | D:10     | Killed a death yak
 11354 | D:10     | Reached XP level 12. HP: 50/77 MP: 12/12
 11369 | D:10     | Killed a death yak
 11370 | D:10     | Reached skill level 10 in Fighting
 11636 | D:10     | Found a staircase to the Lair.
 11822 | D:10     | Noticed a hell knight
 11832 | D:10     | Killed a hell knight
 11865 | D:10     | Noticed a hell knight
 11930 | D:10     | Identified a scroll of acquirement
 11936 | D:10     | Acquired 1348 gold pieces
 12049 | D:10     | Noticed Snorg
 12065 | D:10     | Killed Snorg
 12066 | D:10     | Reached skill level 10 in Armour
 12474 | D:11     | Found a hazy altar of Hepliaklqana.
 12474 | D:11     | Noticed a two-headed ogre
 12482 | D:11     | Killed a two-headed ogre
 12651 | D:11     | Noticed a four-headed hydra
 12658 | D:11     | Killed a four-headed hydra
 12836 | D:11     | Noticed a two-headed ogre
 12842 | D:11     | Killed a two-headed ogre
 12843 | D:11     | Reached skill level 13 in Maces & Flails
 12897 | D:11     | Mangled by a white ugly thing

Illustrated notes

Levels and vault maps discovered:
D:1:      saegor_arrival_simple_c, layout_loops_cross
D:2:      layout_loops_ring, moated_statue, corexii_shack
D:3:      layout_basic, gammafunk_temple_overflow_wave, serial_bayou_ford_a
D:4:      layout_loops_ring, serial_shops, nicolae_shop_window_shopping
D:5:      layout_loops_cross, cheibrodos_ashenzari_chains,
          nemelex_xobeh_ov_fountains_minmay
D:6:      layout_layer_cave, minmay_splitting_lines, chequers_jeans
D:7:      layout_layer_cave, minmay_temple_entry_gardened_gates, tgw_sif
D:8:      layout_loops_ring, general_overflow_altar, nzn_hepliaklqana_mist_gate,
          uniq_joseph, uniq_maggie, uniq_erica
D:9:      layout_grid_maze, minmay_orc_entry_guard_dogs, minivault_10,
          uniq_prince_ribbit1, uniq_pikel
D:10:     layout_irregular_city, dpeg_lair_monsters, minmay_rotating_lava,
          uniq_snorg
D:11:     layout_basic, basic_altar, minivault_21, minivault_25_ag
Temple:   nicolae_temple_elliptical

Skill      XL: |  1  2  3  4  5  6  7  8  9 10 11 12 |
---------------+-------------------------------------+-----
Dodging        | 2 3 4 5 6 7 8 |  8.0
Maces & Flails | 4 5 6 7 9 10 12 13 | 13.0
Armour         | 3 4 5 7 8 9 10 | 10.3
Fighting       | 4 5 6 7 8 9 10 | 10.6

Action                   |  1- 3 |  4- 6 |  7- 9 | 10-12 || total
-------------------------+-------+-------+-------+-------++-------
Melee: Mace              |   114 |   233 |       |       ||   347
       Flail             |       |    19 |   222 |   434 ||   675
Invok: Berserk           |       |     4 |     4 |     9 ||    17
       Trog's Hand       |       |     2 |       |     1 ||     3
Evoke: Wand              |       |       |       |     5 ||     5
  Use: Scroll            |       |     5 |     3 |     6 ||    14
       Potion            |       |       |     1 |     3 ||     4
Armor: Animal skin       |    49 |    20 |       |       ||    69
       Ring mail         |       |    77 |       |       ||    77
       Leather armour    |       |    34 |     5 |       ||    39
       Chain mail        |       |       |   168 |   279 ||   447
Dodge: Dodged            |    86 |   173 |   115 |   273 ||   647

Table legend: (Time is in decaauts)
 A = Elapsed time spent in this place.
 B = Non-inter-level travel time spent in this place.
 C = Inter-level travel time spent in this place.
 D = Time resting spent in this place.
 E = Time spent auto-exploring this place.
 F = Levels seen in this place.
 G = Mean time per level.
                   A        B        C        D        E       F      G
               +--------+--------+--------+--------+--------+-----+--------+
         Total |  13043 |  12710 |    333 |   1605 |   9102 |  12 | 1086.9 |
       Dungeon |  12875 |  12571 |    304 |   1605 |   8964 |  11 | 1170.5 |
        Temple |    167 |    138 |     29 |      0 |    138 |   1 |  167.0 |
               +--------+--------+--------+--------+--------+-----+--------+

Top non-repeatable levels by time:
     D:6: 1722 daAuts
     D:9: 1668 daAuts
    D:10: 1655 daAuts
     D:2: 1337 daAuts
     D:7: 1217 daAuts
     D:4: 1205 daAuts
     D:1: 1112 daAuts
     D:5: 877 daAuts
     D:3: 838 daAuts
     D:8: 823 daAuts
    D:11: 416 daAuts
  Temple: 167 daAuts
